 Dungeon Crawl Stone Soup version 0.24.0-123-gd5b16e6ec5 (webtiles) character file.

Game seed: 768792719110005012, levelgen mode: deterministic

254476 Johnny the Earth Mage (level 18, -8/168 HPs)
             Began as a Demigod Earth Elementalist on Feb 6, 2020.
             Shot with an arrow by a satyr (19 damage)
             ... on level 3 of the Shoals on Feb 7, 2020.
             The game lasted 01:37:46 (50195 turns).

Johnny the Earth Mage (Demigod Earth Elementalist) Turns: 50195, Time: 01:37:47

Health: -8/168     AC: 20    Str: 10    XL:     18   Next: 69%
Magic:  18/58      EV: 12    Int: 32    God:
Gold:   1726       SH: 20    Dex: 19    Spells: 33/48 levels left

rFire    . . .     SeeInvis +   S - staff of power
rCold    . . .     Gourm    .   B - +2 shield
rNeg     + . .     Faith    .   H - +2 robe {Archmagi}
rPois    +         Spirit   .   Y - +2 hat {SInv}
rElec    .         Reflect  +   I - +2 ratskin cloak {+Rats rPois rN+ Str-1 Int-1 Dex+1}
rCorr    .         Harm     .   O - +0 pair of gloves
MR       +....                  K - +2 pair of boots {run}
Stlth    ++........             F - +5 amulet of reflection
HPRegen  0.38/turn              c - ring "Kiopuimp" {+Fly rPois Int+2}
MPRegen  0.36/turn              o - ring of Robustness {AC+8}

@: hasted, very quick
A: antennae 1, agile 1, deformed body, high mp 1
}: 1/15 runes: gossamer
a: Evoke Ratskin, Evoke Flight


You were on level 3 of the Shoals.
You were hungry.

You visited 6 branches of the dungeon, and saw 33 of its levels.
You also visited: Bailey and Gauntlet.

You collected 3969 gold pieces.
You spent 2243 gold pieces at shops.

Inventory:

Missiles
 b - 385 stones (quivered)
Armour
 B - a +2 shield (worn)
 H - a +2 robe of the Archmagi (worn)
 I - the +2 ratskin cloak (worn) {+Rats rPois rN+ Str-1 Int-1 Dex+1}
   (You found it on level 3 of the Elven Halls)

   It affects your strength (-1).
   It affects your intelligence (-1).
   It affects your dexterity (+1).
   It protects you from poison.
   It protects you from negative energy.
 K - a +2 pair of boots of running (worn)
 O - a +0 pair of gloves (worn)
 Y - a +2 hat of see invisible (worn)
Magical Staves
 y - an uncursed staff of wizardry
 S - an uncursed staff of power (weapon)
Jewellery
 c - the ring "Kiopuimp" (left hand) {+Fly rPois Int+2}
   (You found it in a Gauntlet)

   [ring of flight]

   It affects your intelligence (+2).
   It protects you from poison.
   It lets you fly.
 m - an uncursed ring of magical power
 o - the ring of Robustness (right hand) {AC+8}
   (You took it off a minotaur in a Gauntlet)

   [ring of protection]

   It affects your AC (+8).
 r - an uncursed ring of stealth
 D - an uncursed ring of wizardry
 F - a +5 amulet of reflection (around neck)
 U - an uncursed ring of stealth
Wands
 v - a wand of paralysis (4)
Scrolls
 e - 8 scrolls of remove curse
 h - 5 scrolls of amnesia
 k - 5 scrolls of immolation
 n - 2 scrolls of enchant armour
 q - 3 scrolls of teleportation
 s - 4 scrolls of noise
 t - 7 scrolls of fog
 w - 7 scrolls of magic mapping
 G - a scroll of enchant weapon
 R - 2 scrolls of holy word
Potions
 f - 4 potions of mutation
 g - 2 potions of flight
 i - 4 potions of brilliance
 l - 5 potions of ambrosia
 p - 2 potions of agility
 x - 5 potions of cancellation
 z - 14 potions of curing
 A - 4 potions of lignification
 C - 3 potions of might
 L - 2 potions of haste
 M - a potion of berserk rage
Miscellaneous
 u - a box of beasts
 E - a lightning rod (1/4)
 P - a lamp of fire
 X - a phantom mirror
Comestibles
 d - 33 rations


   Skills:
 + Level 16.4 Fighting
 - Level 1.7 Dodging
 - Level 1.7 Stealth
 + Level 13.5 Shields
 + Level 15.9 Spellcasting
 - Level 0.8 Transmutations
 + Level 17.2 Earth Magic


You had 33 spell levels left.
You knew the following spells:

 Your Spells              Type           Power        Failure   Level  Hunger
a - Sandblast             Erth           ######       0%          1    None
b - Stone Arrow           Conj/Erth      ######       1%          3    None
c - Lee's Rapid Deconstr  Erth           ########..   1%          5    None
d - Petrify               Tmut/Erth      #######.     1%          4    None
e - Blink                 Tloc           N/A          3%          2    None

Your spell library contained the following spells:

 Spells                   Type           Power        Failure   Level  Hunger
 Animate Skeleton         Necr           N/A          1%          1    None
 Apportation              Tloc           #####.       1%          1    None
 Beastly Appendage        Tmut           #####.       1%          1    None
 Confusing Touch          Hex            #####.       1%          1    None
 Corona                   Hex            #####..      1%          1    None
 Flame Tongue             Conj/Fire      #####        1%          1    None
 Magic Dart               Conj           ####         1%          1    None
 Pain                     Necr           ####         1%          1    None
 Shock                    Conj/Air       ####         1%          1    None
 Summon Butterflies       Summ           #####...     1%          1    None
 Summon Small Mammal      Summ           ####         1%          1    None
 Passwall                 Tmut/Erth      #######.     1%          2    None
 Sticks to Snakes         Tmut           #####...     1%          2    None
 Leda's Liquefaction      Hex/Erth       #######...   1%          4    None
 Call Imp                 Summ           #####...     3%          2    None
 Ensorcelled Hibernation  Hex/Ice        #####.       3%          2    None
 Poisonous Vapours        Pois/Air       #####.       3%          2    None
 Slow                     Hex            #####...     3%          2    None
 Swiftness                Chrm/Air       #####...     3%          2    None
 Throw Flame              Conj/Fire      #####.       3%          2    None
 Spider Form              Tmut/Pois      #####.....   4%          3    None
 Confuse                  Hex            #####...     6%          3    None
 Conjure Flame            Conj/Fire      #####...     6%          3    None
 Dazzling Spray           Conj/Hex       #####.       6%          3    None
 Inner Flame              Hex/Fire       #####...     6%          3    None
 Lesser Beckoning         Tloc           #####.....   6%          3    None
 Mephitic Cloud           Conj/Pois/Air  #####...     6%          3    None
 Portal Projectile        Hex/Tloc       #####.       6%          3    None
 Regeneration             Chrm/Necr      #####.....   6%          3    None
 Static Discharge         Conj/Air       #####...     6%          3    None
 Tukima's Dance           Hex            #####...     6%          3    None
 Vampiric Draining        Necr           #####.....   6%          3    None
 Ice Form                 Ice/Tmut       #####...     17%         4    None
 Airstrike                Air            #####.....   21%         4    None
 Animate Dead             Necr           N/A          21%         4    None
 Cause Fear               Hex            #####.....   21%         4    None
 Sticky Flame             Conj/Fire      #####...     21%         4    None
 Summon Lightning Spire   Summ/Air       #####...     21%         4    None
 Blade Hands              Tmut           #####.....   36%         5    None
 Alistair's Intoxication  Tmut/Pois      #####...     43%         5    None
 Fireball                 Conj/Fire      #####.....   50%         5    None
 Lightning Bolt           Conj/Air       #####.....   50%         5    None
 Silence                  Hex/Air        #####.....   50%         5    None
 Conjure Ball Lightning   Conj/Air       #####.....   97%         6    ##.....
 Deflect Missiles         Chrm/Air       #####.....   97%         6    ##.....
 Freezing Cloud           Conj/Ice/Air   #####.....   97%         6    ##.....
 Invisibility             Hex            #####...     97%         6    ##.....
 Malign Gateway           Summ/Tloc      #####.....   100%        7    ####...
 Monstrous Menagerie      Summ           #####.....   100%        7    ####...
 Ring of Flames           Chrm/Fire      #####.....   100%        7    ####...
 Summon Greater Demon     Summ           #####.....   100%        7    ####...
 Summon Horrible Things   Summ           #####.....   100%        8    ######.
 Tornado                  Air            #####.....   100%        9    #######


Dungeon Overview and Level Annotations

Branches:
Dungeon (15/15)            Temple (0/1) D:4            Lair (6/6) D:9
 Shoals (3/4) Lair:2       Spider (4/4) Lair:4        Slime (0/5) Lair:6
    Orc (2/2) D:12            Elf (3/3) Orc:2        Vaults (0/5) D:13
 Depths (0/5) D:15         Bailey (visited)         Gauntlet (visited)

Shops:
D:6 *   D:12 [   Orc:2 %?%!   Elf:2 *%}(

Annotations:
Shoals:2 SnubMonkey's ghost, adept GnSk
Elf:1 Amplified's ghost, adept HaMo
Elf:2 flt's ghost, adept GnSk


Innate Abilities, Weirdness & Mutations

You have an increased reservoir of magic. (+10% MP)
You have a pair of small antennae on your head.
You are agile. (Dex +2)
Armour fits poorly on your strangely shaped body.


Message History

The satyr shoots an arrow.
You reflect the arrow off an invisible shield around you!
The arrow barely misses the satyr.
You hear a splash.
The harpy claws you.
* * * LOW HITPOINT WARNING * * *
You block the harpy's attack.
Unknown command.
Okay, then.
Okay, then.
Okay, then.
You block the harpy's attack. x2; The harpy closely misses you.
The harpy barely misses you.
There is a stone staircase leading up here.
Unknown command.
You feel better. You block the harpy's attack.
The harpy claws you but does no damage. You block the harpy's attack.
The harpy claws you but does no damage.
The satyr shoots an arrow.
The arrow hits you!!
You die...

###.#### .......#### ..≈≈......
. ..≈≈≈≈≈.≈≈ ≈...? #..≈≈≈≈≈≈≈≈
≈.... ##..≈≈≈≈≈≈≈≈≈≈
≈....###.)..≈≈≈≈≈≈≈≈≈≈
≈≈.......@.≈≈≈≈≈≈≈≈≈≈≈≈
≈......tHHHc≈≈≈≈≈≈≈≈≈≈≈
.....t.tm≈≈≈≈≈≈≈≈≈≈≈≈≈
≈≈.##..(m(≈≈≈≈≈≈≈≈≈≈≈≈≈
≈.....t≈m≈≈≈≈≈≈≈≈≈≈≈≈≈≈
≈.(..≈≈≈mHt≈≈≈≈≈≈≈≈≈≈≈≈#
≈≈≈≈≈≈≈...^..≈m.≈≈≈≈≈≈≈≈≈≈≈≈≈≈#
≈≈≈≈............m≈...≈≈≈≈≈≈≈≈≈#
≈≈≈≈≈...#.≈≈.[.(.<(..(≈≈≈≈≈≈≈≈#


You could see a merfolk impaler, a satyr, 5 snapping turtles, 5 merfolk, a
hippogriff and 3 harpies.

Vanquished Creatures
  Nikola (Spider:2)
  Rupert (D:12)
  Jorgrun (Orc:2)
  2 deep elf master archers (Elf:3)
  3 deep elf blademasters
  Asterion (Spider:3)
  Kirke (D:15)
  4 ghost moths
  8 emperor scorpions
  Aizul (Spider:4)
  A cacodemon (Gauntlet)
  6 deep elf sorcerers (Elf:3)
  4 deep elf elementalists (Elf:3)
  6 entropy weavers
  3 deep elf demonologists (Elf:3)
  6 deep elf annihilators
  Azrael (Spider:1)
  A minotaur (Gauntlet)
  A spark wasp (Spider:4)
  An ettin (D:15)
  Snorg (D:12)
  5 deep elf death magi
  A merfolk javelineer (Shoals:2)
  3 merfolk impalers (Shoals:1)
  Josephine (D:10)
  2 deep elf high priests (Elf:3)
  An ice dragon (D:13)
  2 hydras
  3 ogre magi
  Erolcha (Orc:2)
  5 centaur warriors
  A catoblepas (Lair:4)
  3 merfolk avatars
  17 two-headed ogres
  2 merfolk aquamancers
  A tengu warrior (D:15)
  A satyr (Shoals:3)
  4 death yaks
  25 dancing weapons
  13 deep elf knights
  Sonja (Orc:2)
  Nergalle (Lair:4)
  2 deep trolls (Orc:2)
  5 sea snakes
  2 wizards
  A lindwurm (Lair:4)
  2 orc knights
  13 harpies
  5 deep elf archers
  17 orb spiders
  14 ugly things
  3 orc sorcerers
  44 deep elf magi
  4 oklob plants (Lair:4)
  4 moths of wrath
  7 manticores
  6 cyclopes
  31 wolf spiders
  6 elephants (Lair:4)
  12 black mambas
  A black mamba (shapeshifter) (D:15)
  2 centaur zombies
  3 merfolk sirens
  A guardian serpent (Lair:6)
  3 water nymphs (Shoals:2)
  A gargoyle (D:12)
  A torpor snail (Lair:6)
  4 centaur skeletons
  15 spiny frogs
  9 demonic crawlers
  5 rime drakes
  2 tengu conjurers (D:13)
  An efreet (D:13)
  10 komodo dragons
  A yaktaur (D:15)
  30 jumping spiders
  11 polar bears
  3 meliai (D:14)
  13 merfolk
  21 trolls
  15 slime creatures
  13 hornets
  18 blink frogs
  Grinder (D:6)
  3 dream sheep (Shoals:2)
  3 raiju (Lair:6)
  5 wind drakes
  16 hippogriffs
  4 snapping turtles (Shoals:2)
  A meliai zombie (D:9)
  13 water elementals
  2 air elementals
  A shadow (D:13)
  7 wraiths
  Grum (D:8)
  28 tarantellas
  55 redbacks
  A fire bat (D:6)
  28 yaks
  A human (D:7)
  11 wyverns
  2 basilisks
  6 fire elementals
  2 hungry ghosts
  Eustachio (D:5)
  6 hogs
  3 steam dragons
  3 neqoxecs (Gauntlet)
  6 wargs
  4 vampire mosquitoes (D:12)
  2 swamp worms (Gauntlet)
  A warg (shapeshifter) (D:15)
  18 hell hounds
  Edmund (D:5)
  An acid dragon (D:12)
  25 water moccasins
  Duvessa (D:5)
  10 porcupines
  A hornet zombie (D:8)
  27 orc warriors
  4 sky beasts
  12 black bears
  A swamp drake (D:7)
  4 necrophages
  A phantom (D:7)
  An ice beast (D:14)
  29 ogres
  27 wolves
  14 centaurs
  13 crocodiles
  2 big kobolds
  24 bullfrogs
  2 earth elementals
  2 wyvern zombies (D:10)
  3 scorpions
  Dowan (D:5)
  24 killer bees
  9 wights
  5 electric eels
  9 crimson imps
  4 jellies
  7 bullfrog zombies
  13 orc priests
  7 hounds
  A quasit (D:13)
  A bullfrog skeleton (D:10)
  15 orc wizards
  Crazy Yiuf (D:6)
  6 worker ants
  3 howler monkey skeletons
  13 adders
  6 shadow imps
  A white imp (Gauntlet)
  An ooze (D:2)
  2 adder zombies (D:7)
  An adder skeleton (D:8)
  A worm (D:2)
  A dart slug (D:2)
  4 leopard geckos
  64 orcs
  7 bats (D:1)
  5 giant cockroaches
  15 hobgoblins
  7 jackals
  2 quokkas
  3 ball pythons
  6 frilled lizards
  9 goblins
  33 kobolds
  A leopard gecko skeleton (D:4)
  A leopard gecko zombie (D:5)
  4 rats
  2 fungi (Lair:4)
  8 plants
1251 creatures vanquished.

Vanquished Creatures (collateral kills)
  A jumping spider (Spider:4)
  A redback (Spider:4)
  An orc warrior (Bailey)
  A gnoll (Bailey)
  3 orcs (Bailey)
  A goblin (Bailey)
8 creatures vanquished.

Vanquished Creatures (others)
  An ettin (Orc:2)
  2 redbacks
  A tarantella (Spider:1)
  A human (D:15)
  A sky beast (D:7)
  A killer bee (D:12)
  An orc wizard (Orc:2)
  An orc (Bailey)
  18 fungi
  41 plants
68 creatures vanquished.

Grand Total: 1327 creatures vanquished

Notes
Turn   | Place    | Note
-------+----------+-------------------------------------------
     0 | D:1      | Johnny the Demigod Earth Elementalist began the quest for
                  | the Orb.
     0 | D:1      | Reached XP level 1. HP: 14/14 MP: 5/5
    95 | D:1      | Reached skill level 3 in Earth Magic
   294 | D:1      | Reached XP level 2. HP: 20/20 MP: 4/7
   795 | D:2      | Reached XP level 3. HP: 21/26 MP: 2/9
  1382 | D:2      | Found a white marble altar of Elyvilon.
  1919 | D:3      | Found a blossoming altar of Fedhas.
  2143 | D:3      | Found a faded altar of an unknown god.
  2171 | D:3      | Reached XP level 4. HP: 23/33 MP: 11/11
  2184 | D:3      | Found a sparkling altar of Nemelex Xobeh.
  2524 | D:4      | Found a staircase to the Ecumenical Temple.
  2531 | D:4      | Reached skill level 4 in Earth Magic
  2619 | D:4      | Noticed an ogre
  2629 | D:4      | Killed an ogre
  2629 | D:4      | Reached XP level 5. HP: 29/38 MP: 5/13
  2690 | D:4      | Learned a level 3 spell: Stone Arrow
  2863 | D:4      | Noticed an ogre
  2867 | D:4      | Killed an ogre
  2990 | D:5      | Entered Level 5 of the Dungeon
  2998 | D:5      | Reached XP level 6. HP: 41/45 MP: 15/15
  3013 | D:5      | Reached skill level 5 in Earth Magic
  3484 | D:5      | Noticed Edmund
  3504 | D:5      | Killed Edmund
  3727 | D:5      | Reached XP level 7. HP: 20/50 MP: 14/17
  3877 | D:5      | Noticed Eustachio
  3884 | D:5      | Reached skill level 5 in Spellcasting
  3886 | D:5      | Killed Eustachio
  3886 | D:5      | Reached skill level 1 in Fighting
  3886 | D:5      | Reached skill level 6 in Earth Magic
  4241 | D:5      | Noticed Duvessa
  4244 | D:5      | Noticed Dowan
  4495 | D:4      | Learned a level 5 spell: Lee's Rapid Deconstruction
  4500 | D:4      | Learned a level 4 spell: Petrify
  4638 | D:5      | Got a pitted war axe
  4640 | D:5      | Identified the +11 war axe "Noinist" {chop, rPois rF+
                  | Dex+2} (You found it on level 5 of the Dungeon)
  5248 | D:5      | Killed Dowan
  5564 | D:5      | Killed Duvessa
  5667 | D:6      | Found a burning altar of Makhleb.
  5674 | D:6      | Noticed Blork the orc
  5675 | D:6      | Noticed Grinder
  5678 | D:6      | Noticed Blork
  5678 | D:6      | Blork the orc changed into Blork the hound
  5694 | D:6      | Killed Blork the hound
  5854 | D:6      | Killed Grinder
  5854 | D:6      | Reached XP level 8. HP: 41/63 MP: 3/20
  6121 | D:6      | Found Nankavvopp's General Store.
  6213 | D:6      | Noticed a hippogriff
  6223 | D:6      | Killed a hippogriff
  6223 | D:6      | Reached skill level 7 in Earth Magic
  6674 | D:6      | Found a runed translucent door.
  6675 | D:6      | Noticed Crazy Yiuf
  6781 | D:6      | Killed Crazy Yiuf
  7046 | D:7      | Got a scorched whip
  7661 | D:7      | Reached XP level 9. HP: 72/72 MP: 12/23
  7875 | D:7      | Found a basalt altar of Yredelemnul.
  7930 | D:7      | Reached skill level 5 in Fighting
  7930 | D:7      | Reached skill level 8 in Earth Magic
  8354 | D:8      | Found a flagged portal.
  8365 | Bailey   | Entered a bailey
  8844 | Bailey   | Noticed an orc knight
  8886 | Bailey   | Killed an orc knight
  9524 | D:8      | Noticed Grum
  9552 | D:8      | Reached skill level 9 in Earth Magic
  9552 | D:8      | Reached XP level 10. HP: 84/84 MP: 16/26
  9574 | D:8      | Killed Grum
  9877 | D:9      | Found a sacrificial altar of Ru.
 10292 | D:9      | Found a staircase to the Lair.
 10382 | D:9      | Found an opulent altar of Gozag.
 11249 | D:9      | Found a glowing golden altar of the Shining One.
 11312 | D:10     | Entered Level 10 of the Dungeon
 11400 | D:10     | Noticed a two-headed ogre
 11403 | D:10     | Killed a two-headed ogre
 11403 | D:10     | Reached skill level 10 in Earth Magic
 11502 | D:10     | Noticed Josephine
 11506 | D:10     | Killed Josephine
 11506 | D:10     | Reached XP level 11. HP: 89/95 MP: 4/28
 12796 | D:11     | Reached skill level 11 in Earth Magic
 12861 | D:11     | Reached skill level 10 in Spellcasting
 13866 | D:12     | Noticed a two-headed ogre
 13869 | D:12     | Killed a two-headed ogre
 14009 | D:12     | Noticed a six-headed hydra
 14148 | D:12     | Noticed Snorg
 14158 | D:12     | Killed Snorg
 14158 | D:12     | Reached skill level 10 in Fighting
 14158 | D:12     | Reached XP level 12. HP: 103/106 MP: 2/31
 14299 | D:12     | Noticed Rupert
 14874 | D:12     | Killed Rupert
 15053 | D:12     | Reached skill level 12 in Earth Magic
 15071 | D:12     | Found Dehilued's Armour Shop.
 15071 | D:12     | Found a staircase to the Orcish Mines.
 15083 | D:12     | Bought a +1 pair of boots of running for 511 gold pieces
 15083 | D:12     | Bought a +1 hat of see invisible for 224 gold pieces
 15150 | D:12     | Noticed an ogre mage
 15157 | D:12     | Killed an ogre mage
 15159 | D:12     | Reached skill level 1 in Shields
 16415 | D:13     | Reached XP level 13. HP: 25/116 MP: 0/33
 17792 | D:13     | Found a gate to the Vaults.
 18641 | D:14     | Reached skill level 5 in Shields
 19110 | Lair:1   | Entered Level 1 of the Lair of Beasts
 19384 | Lair:1   | Reached skill level 13 in Earth Magic
 19913 | Lair:1   | Found a shimmering altar of Xom.
 20323 | Lair:2   | Found a staircase to the Shoals.
 20417 | Lair:2   | Identified the +7 whip of the Unspeakable One {freeze,
                  | Str+4 Int+2} (You found it on level 7 of the Dungeon)
 20421 | Lair:2   | Got a brightly glowing ring mail
 22114 | Lair:3   | Got a steaming dagger
 22116 | Lair:3   | Identified the cursed +1 ring mail of Good Intentions
                  | {-Cast rElec rPois SInv} (You found it on level 2 of the
                  | Lair of Beasts)
 22430 | Lair:4   | Reached XP level 14. HP: 98/126 MP: 8/35
 22438 | Lair:4   | Noticed Nergalle
 23332 | Lair:4   | Found a hole to the Spider Nest.
 24615 | Lair:4   | Killed Nergalle
 26380 | Lair:6   | Entered Level 6 of the Lair of Beasts
 26400 | Lair:6   | Found a viscous altar of Jiyva.
 26400 | Lair:6   | Found a staircase to the Slime Pits.
 27948 | Lair:6   | Reached skill level 14 in Earth Magic
 28502 | Lair:6   | Identified the +7 dagger "Demon's Funeral" {flame, rF-
                  | Dex+2 Stlth+} (You found it on level 3 of the Lair of
                  | Beasts)
 29817 | Orc:1    | Entered Level 1 of the Orcish Mines
 30051 | Orc:1    | Reached XP level 15. HP: 104/135 MP: 19/37
 30393 | Orc:2    | Entered Level 2 of the Orcish Mines
 30417 | Orc:2    | Noticed Sonja
 30427 | Orc:2    | Killed Sonja
 30440 | Orc:2    | Noticed Erolcha
 30440 | Orc:2    | Noticed Jorgrun
 30446 | Orc:2    | Gained mutation: You have a pair of small antennae on your
                  | head. [potion of mutation]
 30446 | Orc:2    | Gained mutation: You are agile. (Dex +2) [potion of
                  | mutation]
 30450 | Orc:2    | Killed Erolcha
 30456 | Orc:2    | Killed Jorgrun
 30538 | Orc:2    | Found a gate leading to a gauntlet.
 30547 | Gauntlet | Entered a Gauntlet
 30547 | Gauntlet | Found a transporter.
 30655 | Gauntlet | Found a transporter.
 30657 | Gauntlet | Found a transporter.
 30668 | Gauntlet | Found a transporter.
 30677 | Gauntlet | Found a transporter.
 30693 | Gauntlet | Found a transporter.
 30703 | Gauntlet | Found a transporter.
 30713 | Gauntlet | Found a transporter.
 30728 | Gauntlet | Found a transporter.
 30738 | Gauntlet | Found a transporter.
 30741 | Gauntlet | Found a transporter.
 30794 | Gauntlet | Found a transporter.
 30794 | Gauntlet | Found a transporter.
 30797 | Gauntlet | Found a transporter.
 31038 | Gauntlet | Gained mutation: Armour fits poorly on your strangely
                  | shaped body. [a neqoxec]
 31145 | Gauntlet | Got a bound lapis lazuli ring
 31150 | Gauntlet | Identified the ring "Kiopuimp" {+Fly rPois Int+2} (You
                  | found it in a Gauntlet)
 32240 | Orc:1    | Found a roughly hewn altar of Beogh.
 32474 | Orc:2    | Found a staircase to the Elven Halls.
 32477 | Orc:2    | Found Pyettoo's Food Shoppe.
 32477 | Orc:2    | Found Isipheiff's Food Emporium.
 32571 | Orc:2    | Found Wyuk's Distillery.
 32576 | Orc:2    | Found Jirchene's Magic Scroll Shoppe.
 32586 | Orc:2    | Bought a scroll of holy word for 120 gold pieces
 32586 | Orc:2    | Bought a scroll of blinking for 120 gold pieces
 32586 | Orc:2    | Bought a scroll of identify for 32 gold pieces
 32586 | Orc:2    | Bought a scroll of enchant armour for 120 gold pieces
 32586 | Orc:2    | Bought a scroll of identify for 32 gold pieces
 32586 | Orc:2    | Bought a scroll of identify for 32 gold pieces
 32586 | Orc:2    | Bought a scroll of identify for 32 gold pieces
 32586 | Orc:2    | Bought a scroll of magic mapping for 56 gold pieces
 32586 | Orc:2    | Bought a scroll of fog for 32 gold pieces
 32586 | Orc:2    | Bought a scroll of fog for 32 gold pieces
 32602 | Orc:2    | Bought a potion of berserk rage for 70 gold pieces
 32602 | Orc:2    | Bought a potion of curing for 42 gold pieces
 32602 | Orc:2    | Bought a potion of curing for 42 gold pieces
 32602 | Orc:2    | Bought a potion of cancellation for 112 gold pieces
 32602 | Orc:2    | Bought a potion of curing for 42 gold pieces
 32602 | Orc:2    | Bought a potion of agility for 56 gold pieces
 32602 | Orc:2    | Bought 2 potions of brilliance for 112 gold pieces
 32880 | D:15     | Entered Level 15 of the Dungeon
 33573 | D:15     | Found a staircase to the Depths.
 33592 | D:15     | Noticed Kirke
 33605 | D:15     | Killed Kirke
 34324 | Elf:1    | Entered Level 1 of the Elven Halls
 34334 | Elf:1    | Reached skill level 10 in Shields
 34476 | Elf:1    | Reached skill level 15 in Earth Magic
 34658 | Elf:1    | Paralysed by an orc sorcerer for 6 turns
 34668 | Elf:1    | Reached XP level 16. HP: 52/146 MP: 2/39
 36056 | Elf:2    | Found Ogecahoi's Food Shop.
 36059 | Elf:2    | Found Joutsounn's Weapon Shop.
 36147 | Elf:2    | Got an encrusted long sword
 36184 | Elf:2    | Found a runed translucent gate.
 36184 | Elf:2    | Found a runed translucent gate.
 36184 | Elf:2    | Found a runed translucent gate.
 36218 | Elf:2    | Found Qurrek's General Store.
 36218 | Elf:2    | Found Bompol's Gadget Shop.
 36390 | Elf:2    | Bought a scroll of immolation for 45 gold pieces
 36396 | Elf:2    | Bought 13 stones for 19 gold pieces
 36399 | Elf:2    | Bought a wand of clouds (4) for 360 gold pieces
 36408 | Elf:2    | Identified the +8 long sword "Emuafim" {vamp, rF++} (You
                  | found it on level 2 of the Elven Halls)
 36608 | Elf:2    | Noticed a deep elf blademaster
 36612 | Elf:2    | Killed a deep elf blademaster
 37621 | Elf:3    | Entered Level 3 of the Elven Halls
 37834 | Elf:3    | Found a radiant altar of Vehumet.
 37873 | Elf:3    | Found a runed translucent gate.
 37873 | Elf:3    | Found a runed translucent gate.
 37873 | Elf:3    | Found a runed translucent gate.
 37886 | Elf:3    | Noticed Amplified's ghost (adept HaMo)
 37886 | Elf:3    | Noticed flt's ghost (adept GnSk)
 38197 | Elf:3    | Found the +2 ratskin cloak {+Rats rPois rN+ Str-1 Int-1
                  | Dex+1}
 38245 | Elf:3    | Noticed a deep elf blademaster
 38246 | Elf:3    | Noticed a deep elf blademaster
 38248 | Elf:3    | Killed a deep elf blademaster
 38248 | Elf:3    | Killed a deep elf blademaster
 38259 | Elf:3    | Noticed a deep elf master archer
 38259 | Elf:3    | Reached skill level 15 in Fighting
 38260 | Elf:3    | Killed a deep elf master archer
 38260 | Elf:3    | Reached XP level 17. HP: 74/156 MP: 7/41
 38269 | Elf:3    | Noticed an Ice Fiend
 38269 | Elf:3    | Reached skill level 16 in Earth Magic
 38680 | Elf:3    | Got a sparkling bronze ring
 38685 | Elf:3    | Identified the ring of Eddith {+Fly Str+5 SInv} (You found
                  | it on level 3 of the Elven Halls)
 39189 | Elf:3    | Got a pair of warped boots
 39441 | Orc:2    | Identified the cursed +0 pair of boots of Awe {rN+ Str+8
                  | Int-2 Slay+2} (You found it on level 3 of the Elven Halls)
 39695 | Spider:1 | Entered Level 1 of the Spider Nest
 40380 | Spider:1 | Reached skill level 15 in Spellcasting
 40382 | Spider:1 | Noticed Azrael
 40490 | Spider:1 | Killed Azrael
 41430 | Spider:2 | Noticed Nikola
 41444 | Spider:2 | Killed Nikola
 43365 | Spider:3 | Noticed Asterion
 43376 | Spider:3 | Killed Asterion
 44624 | Spider:4 | Entered Level 4 of the Spider Nest
 44627 | Spider:4 | Noticed Aizul
 44631 | Spider:4 | Killed Aizul
 44641 | Spider:4 | Reached XP level 18. HP: 153/166 MP: 28/43
 46693 | Spider:4 | Reached skill level 17 in Earth Magic
 46894 | Spider:4 | Got a gossamer rune of Zot
 47272 | Shoals:1 | Entered Level 1 of the Shoals
 48417 | Shoals:1 | Learned a level 2 spell: Blink
 49360 | Shoals:2 | Found a runed translucent door.
 49360 | Shoals:2 | Noticed SnubMonkey's ghost (adept GnSk)
 50192 | Shoals:3 | HP: 8/168 [harpy (8)]
 50195 | Shoals:3 | Shot with an arrow by a satyr

Levels and vault maps discovered:
D:1:      matt_arrival_spirals, layout_rooms
D:2:      layout_rooms, marbit_many_paths, serial_glass, glass_columns_a,
          glass_columns_a
D:3:      layout_loops_ring, nemelex_xobeh_ov_fountains_minmay,
          chequers_ecumenical_altar_simple_redux, fedhas_altar_2
D:4:      layout_rooms, minmay_temple_entry_proselytizer, first_ration
D:5:      layout_basic, uniq_duvessa, uniq_edmund, uniq_eustachio
D:6:      layout_loops_cross, overflow_temple_1_default, serial_shops,
          nicolae_shop_behind_doors, uniq_blork_the_orc,
          uniq_crazy_yiuf_cottage, uniq_grinder
D:7:      layout_layer_cave, basic_altar, grunt_livestock
D:8:      layout_basic, enter_bailey_6, uniq_grum
D:9:      layout_grid_maze, kennysheep_little_box,
          nicolae_gozag_cash_rules_everything_around_me, lemuel_round_altar,
          lair_entry_dummy
D:10:     layout_loops_ring, uniq_josephine
D:11:     layout_big_octagon
D:12:     layout_roguey, orc_david_3, uniq_snorg, uniq_rupert
D:13:     layout_roguey, david_vaults_1
D:14:     layout_irregular_city, minmay_misc_feat_more_columns
D:15:     hangedman_depths_entry_civil_slaughter, layout_rooms,
          minmay_misc_feat_rugged, uniq_kirke
Lair:1:   layout_loops_ring, basic_altar
Lair:2:   layout_misc_corridors, shoals_dummy_entry
Lair:3:   layout_loops_ring
Lair:4:   layout_regular_city, spider_nest_entry_rubble,
          minmay_lair_oklob_chamber, uniq_nergalle
Lair:5:   layout_gridlike
Lair:6:   hangedman_lair_caniforms_friends, layout_hall_layers,
          hangedman_lair_tendril_chambers, slime_altar_1
Shoals:1: layout_shoals, nicolae_shoals_drake_roost
Shoals:2: layout_shoals, gammafunk_ghost_grave
Shoals:3: layout_shoals, nicolae_shoals_dead_sea_scrolls
Spider:1: layout_spider_delve, uniq_azrael
Spider:2: layout_spider_delve, uniq_nikola
Spider:3: layout_spider_delve, uniq_asterion
Spider:4: guppyfry_spider_rune, nicolae_spider_circle_web, uniq_aizul
Orc:1:    layout_caves, basic_altar
Orc:2:    st_orc_open, layout_diamond_mine, gauntlet_entry_generic, rock_pile,
          uniq_jorgrun, uniq_sonja, uniq_erolcha
Elf:1:    eino_elf_arrival_shootout, layout_gridlike, minivault_28,
          eino_tiny_chamber
Elf:2:    layout_gridlike, minmay_shop_grid_forest, drop_trap,
          minmay_strange_pillars, ebering_dispersal_statue_hall, minivault_27,
          elves_outpost_lemuel
Elf:3:    elf_hall, layout_onion_city, basic_altar, gammafunk_ghost_cemetery

Skill      XL: |  1  2  3  4  5  6  7  8  9 10 11 12 13 14 15 16 17 18 |
---------------+-------------------------------------------------------+-----
Spellcasting   | 2 3 4 5 6 8 9 10 11 12 13 14 15 | 15.9
Earth Magic    | 3 4 5 6 7 9 10 11 12 13 14 15 16 17 | 17.2
Fighting       | 3 4 6 8 10 11 12 13 14 15 16 | 16.4
Shields        | 3 6 8 10 11 12 13 | 13.5
Dodging        | |  1.7
Stealth        | |  1.7
Transmutations | |  0.8

Action                   |  1- 3 |  4- 6 |  7- 9 | 10-12 | 13-15 | 16-18 || total
-------------------------+-------+-------+-------+-------+-------+-------++-------
Melee: Unarmed           |    19 |       |       |       |       |       ||    19
       Trident           |    72 |    67 |   121 |   145 |   379 |     2 ||   786
       Staff             |       |       |       |       |       |    26 ||    26
Throw: Stone             |       |       |     1 |       |     2 |     2 ||     5
 Cast: Sandblast         |    39 |    18 |    64 |    90 |   301 |   318 ||   830
       Lee's Rapid Decon |       |       |    34 |    88 |   288 |   396 ||   806
       Stone Arrow       |       |       |    15 |    95 |   171 |   166 ||   447
       Petrify           |       |       |       |     7 |    23 |    23 ||    53
       Blink             |       |       |       |       |       |     9 ||     9
Evoke: Wand              |       |       |    19 |    14 |    53 |    24 ||   110
       Lamp of fire      |       |       |       |     1 |     4 |     4 ||     9
       Lightning rod     |       |       |       |       |     4 |    16 ||    20
       Box of beasts     |       |       |       |       |     3 |     3 ||     6
       Sack of spiders   |       |       |       |       |       |     1 ||     1
  Use: Scroll            |     2 |     2 |     9 |     4 |    20 |    21 ||    58
       Potion            |       |       |     1 |       |    10 |    16 ||    27
 Stab: Sleeping          |     7 |     8 |    11 |     6 |    11 |       ||    43
       Distracted        |     1 |       |     2 |     1 |     2 |       ||     6
       Petrified         |       |       |       |     3 |     7 |       ||    10
  Eat: Chunk             |     4 |     4 |    14 |    24 |    45 |    12 ||   103
       Ration            |       |       |     4 |     3 |     7 |    10 ||    24
Armor: Robe              |    19 |     9 |    57 |    61 |   307 |   361 ||   814
Dodge: Dodged            |    63 |    50 |   113 |   165 |   377 |   319 ||  1087
Block: Buckler           |       |       |       |       |   222 |   194 ||   416
       Shield            |       |       |       |       |       |   440 ||   440
       Reflection        |       |       |       |       |       |    20 ||    20
